 Dungeon Crawl Stone Soup version 0.29.1-13-g9f3cf754e1 (webtiles) character file.

Game seed: 4067952767470252138

347 cheesebisquit the Chopper (level 6, 56/56 HPs)
             Began as a Minotaur Berserker on Jan 27, 2023.
             Was a Priest of Trog.
             Quit the game on level 2 of the Dungeon on Jan 28, 2023.
             The game lasted 00:07:00 (2817 turns).

cheesebisquit the Chopper (Minotaur Berserker)      Turns: 2817, Time: 00:07:01

Health: 56/56      AC:  5    Str: 24    XL:     6   Next: 32%
Magic:  5/5        EV: 12    Int:  4    God:    Trog [***...]
Gold:   103        SH:  0    Dex:  9    Spells: 5/5 levels left

rFire   . . .      SeeInvis .   a - +0 hand axe
rCold   . . .      Faith    .   (no shield)
rNeg    . . .      Spirit   .   e - +0 ring mail
rPois   .          Reflect  .   (helmet restricted)
rElec   .          Harm     .   (no cloak)
rCorr   .          Rampage  .   (no gloves)
Will    .....                   (no boots)
Stlth   ..........              (no amulet)
HPRegen 0.18/turn               d - ring of flight
MPRegen 0.09/turn               (no ring)

@: flying
A: horns 2, retaliatory headbutt
a: Renounce Religion, Berserk, Trog's Hand


You were on level 2 of the Dungeon.
You worshipped Trog.
Trog was most pleased with you.
You visited 1 branch of the dungeon, and saw 2 of its levels.

You collected 103 gold pieces.

Inventory:

Hand Weapons
 a - a +0 hand axe (weapon)
Missiles
 o - 2 poisoned darts (quivered)
Armour
 b - a +0 animal skin
 e - a +0 ring mail (worn)
Jewellery
 d - a ring of flight (left hand)
 l - an amulet of faith
Scrolls
 c - 2 scrolls of teleportation {unknown}
 f - a scroll of vulnerability {unknown}
 g - a scroll of butterflies {unknown}
 h - a scroll of summoning {unknown}
 i - a scroll of enchant weapon {unknown}
 m - a scroll of identify {unknown}
 n - a scroll of fear {unknown}
Potions
 j - 2 potions of curing {unknown}
 k - a potion of ambrosia {unknown}


   Skills:
 - Level 5.1 Fighting
 + Level 5.8 Axes
 - Level 4.2 Armour
 - Level 4.0 Dodging


You had 5 spell levels left.
You didn't know any spells.
Your spell library was empty.

Dungeon Overview and Level Annotations

Branches:
Dungeon (2/15)

Altars:


Innate Abilities, Weirdness & Mutations

You have a pair of horns on your head.
You reflexively headbutt those who attack you in melee.


Message History

You slash the adder!
The adder is heavily wounded.
You feel sick. The adder closely misses you. The adder bites you.
You closely miss the adder.
The adder is heavily wounded.
You feel sick. The adder bites you but does no damage.
You closely miss the adder.
The adder is heavily wounded.
You feel sick. The adder bites you.
You closely miss the adder. Your punch misses the adder.
The adder is heavily wounded.
You feel sick. The adder bites you but does no damage.
The adder barely misses you.
You hit the adder.
You kill the adder!
Trog accepts your kill.
You feel sick.
No target in view!
No target in view!
You feel sick.
You are no longer poisoned.
A dart slug comes into view.
You hit the dart slug.
The dart slug is moderately wounded.
You hit the dart slug.
The dart slug is heavily wounded.
The dart slug barely misses you. You furiously retaliate!
You headbutt the dart slug.
You kill the dart slug!
Trog accepts your kill.
No target in view!
No target in view!
You see here the felid corpse of Natasha.
Done exploring.
Done exploring.
Search for what [Enter for "."]? .
Welcome back, cheesebisquit the Minotaur Berserker.
Trog says: Kill them all!
Press ? for a list of commands and other information.
Are you sure you want to abandon this character and quit the game? (Confirm with "yes".)

#............###.#.......#
########'##......#.......#
#.##.######.......#
#.#..##...........#
#.....#.###.......#
###.#.#.# #.......#
#.#.#.# #.......#
#.#.#.###.#....##
#.#.#@....######
###.#.####### #..†#.#
#.###.# #.....# #######


There were no monsters in sight!

Vanquished Creatures
  Sigmund (D:2)
  Natasha (thrice) (D:2)
  4 adders (D:2)
  A dart slug (D:2)
  4 ball pythons
  2 endoplasms (D:1)
  3 giant cockroaches (D:1)
  8 goblins
  3 hobgoblins (D:2)
  4 jackals (D:2)
  A quokka (D:2)
  11 bats
  6 frilled lizards
  7 kobolds
  24 rats
82 creatures vanquished.

Notes
Turn   | Place    | Note
-------+----------+-------------------------------------------
     0 | D:1      | cheesebisquit the Minotaur Berserker began the quest for
                  | the Orb.
     0 | D:1      | Reached XP level 1. HP: 19/19 MP: 0/0
   461 | D:1      | Reached XP level 2. HP: 27/27 MP: 1/1
  1392 | D:2      | Reached XP level 3. HP: 33/33 MP: 2/2
  1403 | D:2      | Reached ** piety under Trog
  1613 | D:2      | Noticed Sigmund
  1922 | D:2      | Noticed Natasha
  1925 | D:2      | Reached XP level 4. HP: 40/40 MP: 3/3
  1962 | D:2      | Killed Natasha
  2026 | D:2      | Noticed Natasha
  2154 | D:2      | Killed Sigmund
  2155 | D:2      | Reached skill level 5 in Fighting
  2155 | D:2      | Reached skill level 5 in Axes
  2155 | D:2      | Reached XP level 5. HP: 42/48 MP: 4/4
  2155 | D:2      | Reached XP level 6. HP: 49/56 MP: 5/5
  2423 | D:2      | Killed Natasha
  2608 | D:2      | Noticed Natasha
  2615 | D:2      | Killed Natasha
  2679 | D:2      | Reached *** piety under Trog
  2817 | D:2      | Quit the game

Illustrated notes

Levels and vault maps discovered:
D:1:      dpeg_arrival_rooms_a, layout_basic
D:2:      minmay_diamond_boxcup, layout_basic, minmay_rat_hole, uniq_natasha,
          uniq_sigmund

Skill      XL: |  1  2  3  4 |
---------------+-------------+-----
Fighting       | 4 5 |  5.1
Axes           | 4 5 |  5.8
Armour         | 3 4 |  4.2
Dodging        | 3 4 |  4.0

Action                   |  1- 3 |  4- 6 || total
-------------------------+-------+-------++-------
Melee: Hand axe          |    92 |    61 ||   153
       Headbutt          |    11 |     8 ||    19
Invok: Berserk           |     2 |     1 ||     3
  Use: Potion            |     1 |       ||     1
Armor: Animal skin       |    10 |       ||    10
       Ring mail         |    21 |    27 ||    48
Dodge: Dodged            |    69 |    45 ||   114
